 Dungeon Crawl Stone Soup version 0.20-a0-850-ge5a7832 (webtiles) character file.

5758 Duffy the Cleaver (level 10, -2/53 HPs)
             Began as a Vine Stalker Fighter on Mar 10, 2017.
             Was an Elder of Cheibriados.
             Slain by a death yak (18 damage)
             ... on level 9 of the Dungeon.
             The game lasted 00:09:44 (7533 turns).

Duffy the Cleaver (Vine Stalker Fighter)            Turns: 7533, Time: 00:09:45

Health: -2/53      AC: 21    Str: 31    XL:     10   Next: 78%
Magic:  0/11       EV:  6    Int: 17    God:    Cheibriados [****..]
Gold:   307        SH: 13    Dex: 21    Spells: 9/9 levels left

rFire    + . .     SeeInvis .   a - +0 war axe
rCold    . . .     Gourm    .   G - +0 plate armour
rNeg     . . .     Faith    .   c - +0 shield
rPois    .         Spirit   +   s - +0 helmet
rElec    +         Reflect  .   D - +0 cloak
rCorr    .         Harm     +   h - +2 pair of gloves
MR       +....                  j - +1 pair of boots
Stlth    ..........             F - amulet of harm
Regen    0.6/turn               (no ring)
MPRegen  0.2/turn               n - ring of protection from fire

@: very slow
A: fangs 3, blurry vision 1, clumsy 1, regeneration 1, electricity resistance,
magic shield, antimagic bite, no potion heal 3, rot immunity
a: Bend Time, Temporal Distortion, Slouch, Renounce Religion


You were on level 9 of the Dungeon.
You worshipped Cheibriados.
Cheibriados was greatly pleased with you.
You were not hungry.

You visited 2 branches of the dungeon, and saw 10 of its levels.
You also visited: Sewer.

You collected 524 gold pieces.
You spent 217 gold pieces at shops.

Inventory:

Hand Weapons
 a - a +0 war axe (weapon)
 q - a +2 hand axe of pain
 t - a +1 hand axe of freezing
 w - a +0 blowgun
Armour
 c - a +0 shield (worn)
 h - a +2 pair of gloves (worn)
 j - a +1 pair of boots (worn)
 s - a +0 helmet (worn)
 D - a +0 cloak (worn)
 G - a +0 plate armour (worn)
Jewellery
 n - a ring of protection from fire (left hand)
 F - an amulet of harm (around neck)
Wands
 b - a wand of disintegration (9/24)
 o - a wand of acid (6/15)
 p - a wand of digging (2/24)
 r - a wand of digging (4/24)
 H - a wand of polymorph (13/24)
 J - a wand of confusion (19/48)
 K - a wand of acid (9/15)
Scrolls
 e - 4 scrolls of remove curse
 g - 3 scrolls of fear
 k - a scroll of blinking
 l - 4 scrolls of teleportation
 m - 2 scrolls of fog
 y - a scroll of magic mapping
 z - a scroll of enchant armour
 C - a scroll of recharging
 E - a scroll of summoning
 M - a scroll of vulnerability
Potions
 d - 5 potions of might
 i - a potion of cancellation
 v - 2 potions of magic
 x - 2 potions of curing
 A - 2 potions of agility
 B - a potion of flight
Comestibles
 f - 9 bread rations
 u - 4 meat rations
 I - 7 chunks of flesh


   Skills:
 + Level 6.9 Fighting
 * Level 9.3 Axes
 + Level 6.6 Armour
 + Level 6.9 Shields


You had 9 spell levels left.
You didn't know any spells.

Dungeon Overview and Level Annotations

Branches:
Dungeon (9/15)             Temple (1/1) D:4
   Lair: D:8-11         Orc: D:9-12

Altars:
Ashenzari
Cheibriados
Dithmenos
Elyvilon
Fedhas
Gozag
Hepliaklqana
Kikubaaqudgha
Makhleb
Nemelex Xobeh
Okawaru
Qazlal
Ru
Sif Muna
Trog
Uskayaw
Vehumet
Wu Jian
Xom
Yredelemnul
Zin
The Shining One

Shops:
D:5 [

Annotations:
D:3 Edmund


Innate Abilities, Weirdness & Mutations

You have razor-sharp teeth.
Your natural rate of healing is unusually fast.
When hurt, damage is shared between your health and your magic reserves.
Your bite disrupts and absorbs the magic of your enemies.
Potions cannot restore your health.
You are immune to rotting.
Scrolls take you a little longer to read.
You are clumsy. (Dex -2)
You are resistant to electric shocks. (rElec)


Message History

You are too injured to fight recklessly!
You are too injured to fight recklessly!
You are too injured to fight recklessly!
You are too injured to fight recklessly!
You are too injured to fight recklessly!
You are too injured to fight recklessly!
You are too injured to fight recklessly!
You hit the death yak but do no damage.
You bite the death yak, but do no damage.
The death yak is severely wounded.
You slash the death yak! You hit the death yak but do no damage.
The death yak gores you but does no damage.
The death yak gores you. x2
The death yak gores you but does no damage.
You slash the death yak!
You kill the death yak!
Cheibriados appreciates the change of pace.
You slash the death yak! You hit the death yak but do no damage.
You block the death yak's attack. x2; The death yak gores you!!
You die...

###...................
###.....................
##.......................
#........................
#........................
#........................
#........................
##................#......
#......@Y...... ..
#.....Y)%...... .
#.....<........
#......$.......
#..............
#.....!.......#
#............##
#.............


You could see 2 death yaks.

Vanquished Creatures
  A death yak (D:9)
  A troll (D:9)
  A hornet (D:7)
  2 hippogriffs
  A shadow (D:8)
  A spriggan (D:7)
  Sigmund (D:3)
  Grum (D:8)
  A hungry ghost (D:7)
  An ice beast (D:7)
  3 orc warriors
  4 wolves (D:8)
  2 ogres
  An eye of draining (D:9)
  4 centaurs
  3 big kobolds
  3 bullfrogs
  3 scorpions
  8 killer bees
  A howler monkey (D:5)
  2 centaur zombies
  5 crimson imps
  6 hounds
  Crazy Yiuf (D:6)
  5 orc priests
  2 bullfrog skeletons (D:5)
  Natasha (thrice) (D:3)
  An iguana (D:5)
  6 orc wizards
  A hell rat (D:9)
  6 worker ants
  2 hound skeletons
  8 adders
  3 river rats
  4 shadow imps
  An adder zombie (D:5)
  3 oozes
  2 adder skeletons
  7 worms
  2 dart slugs
  4 leopard geckos
  31 orcs
  8 ball pythons
  6 bats
  8 giant cockroaches
  5 goblins
  5 hobgoblins
  6 quokkas
  6 frilled lizards
  A jackal skeleton (D:5)
  23 kobolds
  A leopard gecko skeleton (D:7)
  A quokka skeleton (D:7)
  13 rats
  A butterfly (D:4)
232 creatures vanquished.

Vanquished Creatures (others)
  A hound (D:4)
  A butterfly (D:4)
2 creatures vanquished.

Grand Total: 234 creatures vanquished

Notes
Turn   | Place    | Note
-------+----------+-------------------------------------------
     0 | D:1      | Duffy the Vine Stalker Fighter began the quest for the Orb.
     0 | D:1      | Reached XP level 1. HP: 11/11 MP: 2/2
   275 | D:1      | Reached skill level 2 in Axes
   275 | D:1      | Reached XP level 2. HP: 16/16 MP: 3/3
   519 | D:1      | Reached XP level 3. HP: 19/19 MP: 4/4
  1599 | D:3      | Gained mutation: Your natural rate of healing is unusually fast. [Vine Stalker growth]
  1599 | D:3      | Reached XP level 4. HP: 23/23 MP: 5/5
  1778 | D:3      | Noticed Natasha
  1785 | D:3      | Killed Natasha
  1785 | D:3      | Reached skill level 3 in Axes
  1844 | D:3      | Noticed Natasha
  1862 | D:3      | Killed Natasha
  1862 | D:3      | Reached XP level 5. HP: 4/28 MP: 0/6
  1933 | D:3      | Noticed Natasha
  1944 | D:3      | Killed Natasha
  1977 | D:3      | Noticed Sigmund
  1981 | D:3      | Killed Sigmund
  1981 | D:3      | Reached skill level 4 in Axes
  1981 | D:3      | Reached XP level 6. HP: 28/32 MP: 7/7
  2126 | D:3      | Found a faded altar of an unknown god.
  2275 | D:4      | Found a radiant altar of Vehumet.
  2305 | D:4      | Reached XP level 7. HP: 10/37 MP: 2/8
  2392 | D:4      | Noticed Edmund
  2533 | D:4      | Found a sparkling altar of Nemelex Xobeh.
  2593 | D:4      | You fall through a shaft!
  2593 | D:5      | Entered Level 5 of the Dungeon
  2627 | D:5      | Found Puyt's Antique Armour Boutique.
  2638 | D:5      | Bought a pair of runed gloves for 217 gold pieces
  2821 | D:5      | Found a glowing drain.
  2829 | Sewer    | Entered a sewer
  3005 | Sewer    | Reached skill level 5 in Axes
  3417 | D:4      | Found a staircase to the Ecumenical Temple.
  3426 | Temple   | Entered the Ecumenical Temple
  3588 | Temple   | Became a worshipper of Cheibriados the Contemplative
  3609 | D:4      | Gained mutation: You have razor-sharp teeth. [Vine Stalker growth]
  3609 | D:4      | Reached XP level 8. HP: 42/42 MP: 9/9
  3636 | D:4      | Found a shattered altar of Ashenzari.
  4047 | D:5      | Found an ancient bone altar of Kikubaaqudgha.
  4329 | D:5      | Reached * piety under Cheibriados
  4331 | D:5      | Found a shadowy altar of Dithmenos.
  4344 | D:5      | Reached skill level 6 in Axes
  4664 | D:6      | Reached skill level 5 in Fighting
  4699 | D:6      | Found a runed door.
  4743 | D:6      | Noticed Crazy Yiuf
  4747 | D:6      | Paralysed by Crazy Yiuf for 3 turns
  4750 | D:6      | Killed Crazy Yiuf
  4750 | D:6      | Reached skill level 5 in Shields
  4903 | D:6      | Noticed a hippogriff
  4909 | D:6      | Killed a hippogriff
  4909 | D:6      | Reached XP level 9. HP: 45/47 MP: 10/10
  5116 | D:6      | Reached skill level 5 in Armour
  5308 | D:6      | Found a glowing golden altar of the Shining One.
  5463 | D:7      | Reached ** piety under Cheibriados
  5479 | D:7      | Reached skill level 7 in Axes
  6267 | D:7      | Noticed a hornet
  6274 | D:7      | Killed a hornet
  6393 | D:8      | Found an ancient bone altar of Kikubaaqudgha.
  6402 | D:8      | Reached *** piety under Cheibriados
  6406 | D:8      | Gained mutation: Scrolls take you a little longer to read. [potion of mutation]
  6406 | D:8      | Gained mutation: You are clumsy. (Dex -2) [potion of mutation]
  6406 | D:8      | Gained mutation: You are resistant to electric shocks. (rElec) [potion of mutation]
  6469 | D:8      | Reached skill level 8 in Axes
  6620 | D:8      | Reached XP level 10. HP: 47/53 MP: 11/11
  6639 | D:8      | Noticed Grum
  6651 | D:8      | Killed Grum
  6988 | D:8      | Found an ornate altar of the Wu Jian Council.
  7357 | D:9      | Reached skill level 9 in Axes
  7476 | D:9      | Reached **** piety under Cheibriados
  7521 | D:9      | Noticed a death yak
  7522 | D:9      | Noticed a death yak
  7522 | D:9      | Noticed a death yak
  7533 | D:9      | Killed a death yak
  7533 | D:9      | Slain by a death yak

Vault maps used:
D:1:      erik_arrival_cave_to_civilisation, st_stairs_12,
          minmay_stone_trees_small
D:2:      grunt_ministairs_2
D:3:      chequers_ecumenical_altar_simple, uniq_sigmund, uniq_natasha
D:4:      nemelex_xobeh_ov_fountains_minmay, cheibrodos_ashenzari_chains,
          fiery_altar_vehumet, minmay_temple_entry_butterflies, first_bread,
          grunt_ministairs_8, uniq_edmund
D:5:      basic_altar, portal_sewer_entry_e, serial_shops, shop,
          kennysheep_crisscross, grunt_dithmenos_smoke
D:6:      nicolae_tso_swordbearing_angel, uniq_crazy_yiuf_cottage
D:7:      the_bakery
D:8:      kennysheep_mini_moat, lemuel_crystal_altar, uniq_grum
D:9:      dpeg_lair_monsters
Temple:   eino_temple_rhombus
Sewer:    sewer_co_15_rooms

Skill      XL: |  1  2  3  4  5  6  7  8  9 10 |
---------------+-------------------------------+-----
Axes           | 2 3 4 5 6 8 9 |  9.3
Shields        | 3 4 5 6 |  6.9
Armour         | 3 4 5 6 |  6.6
Fighting       | 3 4 5 6 |  6.9

Action                   |  1- 3 |  4- 6 |  7- 9 | 10-12 || total
-------------------------+-------+-------+-------+-------++-------
Melee: War axe           |   113 |    85 |   412 |   115 ||   725
       Bite              |    22 |    24 |   141 |    62 ||   249
Evoke: Wand              |       |     2 |     3 |       ||     5
  Use: Scroll            |       |     5 |     9 |     4 ||    18
       Potion            |       |     1 |     4 |       ||     5
  Eat: Chunk             |     2 |     3 |    12 |       ||    17
       Bread ration      |       |       |     1 |       ||     1
Armor: Scale mail        |    59 |    31 |   106 |       ||   196
       Chain mail        |       |       |    24 |       ||    24
       Plate armour      |       |       |    83 |    79 ||   162
Dodge: Dodged            |    41 |    19 |   108 |    35 ||   203
Block: Shield            |    67 |    41 |   206 |   113 ||   427
